 Dungeon Crawl Stone Soup version 0.24.0-123-gd5b16e6ec5 (webtiles) character file.

Game seed: 8124607726254299779, levelgen mode: deterministic

923 Holewolf1 the Chopper (level 8, -4/70 HPs)
             Began as a Hill Orc Fighter on Dec 22, 2019.
             Was an Initiate of Beogh.
             Slain by Duvessa
             ... wielding a +0 rapier
              (7 damage)
             ... on level 6 of the Dungeon.
             The game lasted 00:34:17 (5832 turns).

Holewolf1 the Chopper (Hill Orc Fighter)            Turns: 5832, Time: 00:34:18

Health: -4/70      AC:  0    Str: 23    XL:     8   Next: 10%
Magic:  8/8        EV: 13    Int: 10    God:    Beogh [......]
Gold:   206        SH:  0    Dex: 10    Spells: 7/7 levels left

rFire    . . .     SeeInvis .   (weapon currently unavailable)
rCold    . . .     Gourm    .   (shield currently unavailable)
rNeg     . . .     Faith    .   (armour currently unavailable)
rPois    .         Spirit   .   (helmet currently unavailable)
rElec    .         Reflect  .   (cloak currently unavailable)
rCorr    .         Harm     .   (gloves currently unavailable)
MR       .....                  (boots currently unavailable)
Stlth    +.........             (no amulet)
HPRegen  0.21/turn              (ring currently unavailable)
MPRegen  0.11/turn              (ring currently unavailable)

@: pig-form (expiring), very quick
A: small, clever 1, strong 1, wild magic 1
a: Renounce Religion


You were on level 6 of the Dungeon.
You worshipped Beogh.
Beogh was noncommittal.
You were hungry.
You were a filthy swine.
You visited 2 branches of the dungeon, and saw 7 of its levels.

You collected 206 gold pieces.

Inventory:

Hand Weapons
 a - a +0 war axe (melded)
 v - a +2 vampiric whip
Missiles
 e - 42 bolts
 n - 6 boomerangs (quivered)
 t - 13 poisoned darts
Armour
 b - a +0 scale mail
 c - a +0 shield (melded)
 h - a +0 helmet (melded)
 i - a +0 chain mail (melded)
 p - a +3 leather armour
 q - a +0 shield
Jewellery
 k - a +4 ring of evasion (melded)
 m - a +3 amulet of reflection
Scrolls
 l - 4 scrolls of identify
 o - 2 scrolls of remove curse
 r - a scroll of teleportation
 x - 2 scrolls of fear
Potions
 d - 2 potions of might
 g - 3 potions of brilliance
 s - a potion of agility
Comestibles
 f - 11 rations


   Skills:
 + Level 5.7 Fighting
 + Level 7.9 Axes
 + Level 1.0 Throwing
 + Level 5.1 Armour
 + Level 0.9 Dodging
 + Level 0.3 Stealth
 + Level 5.3 Shields


You had 7 spell levels left.
You didn't know any spells.
Your spell library contained the following spells:

 Spells                   Type           Power        Failure   Level  Hunger
 Flame Tongue             Conj/Fire      #....        45%         1    ##.....
 Throw Flame              Conj/Fire      #.....       58%         2    ###....
 Conjure Flame            Conj/Fire      #.......     82%         3    ####...
 Inner Flame              Hex/Fire       #.......     82%         3    ####...
 Sticky Flame             Conj/Fire      #.......     99%         4    #####..
 Fireball                 Conj/Fire      #.........   100%        5    ######.


Dungeon Overview and Level Annotations

Branches:
Dungeon (6/15)             Temple (1/1) D:5

Altars:
Ashenzari
Elyvilon
Fedhas
Gozag
Hepliaklqana
Kikubaaqudgha
Okawaru
Qazlal
Ru
Trog
Uskayaw
Vehumet
Wu Jian
Xom
Yredelemnul
The Shining One

Shops:
D:5 :

Annotations:
D:6 Duvessa, Edmund


Innate Abilities, Weirdness & Mutations

Your mind is acute. (Int +2)
Your muscles are strong. (Str +2)
Your spells are a little harder to cast, but a little more powerful.


Message History

Duvessa is heavily wounded.
Duvessa hits you with a +0 rapier!
* * * LOW HITPOINT WARNING * * *
You hit Duvessa but do no damage.
Duvessa is heavily wounded.
Duvessa zaps a wand.
You hit Duvessa but do no damage.
Duvessa is heavily wounded.
You hear the brisk hiss of a very distant avalanche of sand.
Duvessa closely misses you.
You hit Duvessa but do no damage.
Duvessa is heavily wounded.
Duvessa hits you with a +0 rapier.
* * * LOW HITPOINT WARNING * * *
You hit Duvessa but do no damage.
Duvessa is heavily wounded.
You hit Duvessa.
Duvessa is severely wounded.
Duvessa hits you with a +0 rapier!
You die...

## ## # # #.# #
#.# #.###
#.###.#.
##......
#.########
##.......
#........#
#.##.##.#
########h#
#.#.#.## #e#
#...##
#.###########.##
#.......e.....#
###############


You could see Duvessa.

Vanquished Creatures
  A water moccasin (D:6)
  An ice beast (D:5)
  An ogre (D:4)
  A centaur (D:5)
  A bullfrog (D:5)
  2 scorpions (D:4)
  2 hounds
  An orc wizard (D:5)
  A bullfrog skeleton (D:5)
  2 iguanas (D:5)
  A worker ant (D:5)
  A hound skeleton (D:4)
  A howler monkey skeleton (D:4)
  4 gnolls
  3 adders
  A shadow imp (D:2)
  An ooze (D:4)
  3 worms
  2 dart slugs
  5 leopard geckos
  14 orcs
  A ball python (D:4)
  A bat (D:3)
  6 giant cockroaches
  6 goblins
  3 hobgoblins
  3 jackals (D:1)
  A quokka (D:5)
  5 frilled lizards
  7 kobolds
  2 leopard gecko skeletons
  8 rats
  2 plants (D:2)
94 creatures vanquished.

Vanquished Creatures (others)
  An orc priest (D:5)
1 creature vanquished.

Grand Total: 95 creatures vanquished

Notes
Turn   | Place    | Note
-------+----------+-------------------------------------------
     0 | D:1      | Holewolf1 the Hill Orc Fighter began the quest for the Orb.
     0 | D:1      | Reached XP level 1. HP: 19/19 MP: 1/1
   230 | D:1      | Reached XP level 2. HP: 27/27 MP: 2/2
   323 | D:1      | Reached skill level 3 in Axes
   524 | D:1      | Reached XP level 3. HP: 33/33 MP: 3/3
   941 | D:2      | Found a sacrificial altar of Ru.
  1108 | D:2      | Reached XP level 4. HP: 21/40 MP: 4/4
  1439 | D:2      | Reached skill level 4 in Axes
  1536 | D:2      | Noticed a moth of wrath
  1539 | D:2      | Found a bloodstained altar of Trog.
  2037 | D:3      | Found a stormy altar of Qazlal.
  2748 | D:3      | Reached XP level 5. HP: 43/46 MP: 5/5
  3278 | D:4      | Reached skill level 5 in Axes
  3300 | D:4      | Reached XP level 6. HP: 53/53 MP: 6/6
  4030 | D:5      | Entered Level 5 of the Dungeon
  4038 | D:5      | Found a sacrificial altar of Ru.
  4093 | D:4      | Reached skill level 6 in Axes
  4251 | D:5      | Found a white marble altar of Elyvilon.
  4382 | D:5      | Reached skill level 5 in Fighting
  4382 | D:5      | Reached XP level 7. HP: 28/61 MP: 7/7
  4638 | D:5      | Found Naucvoa's Book Shop.
  4649 | D:5      | Found a staircase to the Ecumenical Temple.
  4693 | D:5      | Reached skill level 7 in Axes
  4715 | D:5      | Became a worshipper of Beogh the Brigand
  4734 | Temple   | Entered the Ecumenical Temple
  4965 | D:5      | Found a hide-covered altar of Uskayaw.
  5089 | D:5      | Reached skill level 5 in Armour
  5089 | D:5      | Reached skill level 5 in Shields
  5538 | D:5      | Gained mutation: Your spells are a little harder to cast,
                  | but a little more powerful. [potion of mutation]
  5538 | D:5      | Gained mutation: Your mind is acute. (Int +2) [potion of
                  | mutation]
  5538 | D:5      | Gained mutation: Your muscles are strong. (Str +2) [potion
                  | of mutation]
  5592 | D:6      | Reached skill level 1 in Throwing
  5592 | D:6      | Reached XP level 8. HP: 51/70 MP: 8/8
  5593 | D:6      | Noticed Edmund
  5767 | D:6      | Noticed Duvessa
  5830 | D:6      | HP: 3/70 [Duvessa/+0 rapier (2)]
  5832 | D:6      | Slain by Duvessa

Levels and vault maps discovered:
D:1:      scummos_arrival_hexagon, layout_loops_cross
D:2:      layout_loops_cross, tgw_trog, minivault_11,
          nicolae_ru_the_path_less_chosen
D:3:      wad_lake_hut, layout_loops_ring, old_standard_altar
D:4:      layout_gridville, hangedman_abyss_or_decor_stagger,
          serial_park_tiny_pond, minmay_unequal
D:5:      layout_basic, eat_drink_and_be_merry_uskayaw, kennysheep_little_box,
          lemuel_doored_altar, minmay_temple_entry_gardened_gates, serial_shops,
          shop, first_ration
D:6:      cheibrodos_quashed, layout_loops_ring, lemuel_round_altar,
          enter_ossuary_2, uniq_edmund, uniq_menkaure, uniq_duvessa,
          uniq_blork_the_orc
Temple:   chequers_temple_sunken

Skill      XL: |  1  2  3  4  5  6  7 |
---------------+----------------------+-----
Axes           | 3 4 5 6 7 |  7.9
Fighting       | 4 5 |  5.7
Armour         | 4 5 |  5.1
Shields        | 4 5 |  5.3
Throwing       | 1 |  1.0
Dodging        | |  0.9
Stealth        | |  0.3

Action                   |  1- 3 |  4- 6 |  7- 9 || total
-------------------------+-------+-------+-------++-------
Melee: War axe           |    82 |   218 |    95 ||   395
       Unarmed           |       |       |    25 ||    25
Throw: Boomerang         |       |     4 |    18 ||    22
Invok: Convert to Beogh  |       |       |     1 ||     1
  Use: Scroll            |       |    11 |     1 ||    12
       Potion            |       |     8 |     3 ||    11
  Eat: Chunk             |     1 |     7 |     4 ||    12
       Ration            |       |     1 |       ||     1
Armor: Scale mail        |    23 |    37 |       ||    60
       Chain mail        |       |    52 |    31 ||    83
Dodge: Dodged            |    18 |    80 |    52 ||   150
Block: Shield            |    22 |   114 |    54 ||   190
